 Dungeon Crawl Stone Soup version 0.31-a0-174-g85c54bc (webtiles) character file.

Game seed: 960031646365435612

2666 Dhd the Fighter (level 9, -3/83 HPs)
             Began as a Ghoul Warper on June 15, 2023.
             Was an Initiate of Makhleb.
             Slain by Grum
             ... wielding a -2 spear
              (16 damage)
             ... on level 7 of the Dungeon.
             The game lasted 00:40:45 (7760 turns).

Dhd the Fighter (Ghoul Warper)                      Turns: 7760, Time: 00:40:46

Health: -3/83      AC: 16    Str: 19    XL:     9   Next: 63%
Magic:  10/10      EV:  8    Int:  8    God:    Makhleb [......]
Gold:   335        SH:  0    Dex:  8    Spells: 7/11 levels left

rFire   + . .        b - +0 battleaxe
rCold   + . .        (shield currently unavailable)
rNeg    + + +        n - +0 chain mail
rPois   ∞            t - +0 hat
rElec   .            H - scarf {+Inv}
rCorr   .            (no gloves)
SInv    .            h - +1 pair of boots
Will    .....        (no amulet) Stlth
                     w - +4 ring of protection
HPRegen 0.00/turn    r - ring of protection from fire
MPRegen 0.12/turn

%: no passive effects
@: inhibited regen
A: claws 1, cold resistance 1, negative energy resistance 3, inhibited
regeneration, torment resistance 2, devour on kill
a: Renounce Religion, Evoke Invisibility


You were on level 7 of the Dungeon.
You worshipped Makhleb.
Makhleb was noncommittal.
You visited 1 branch of the dungeon, and saw 8 of its levels.

You collected 335 gold pieces.

Inventory:

Hand Weapons
 a - a +0 whip of electrocution
 b - a +0 battleaxe (weapon)
 c - a +3 halberd
Missiles
 d - 63 stones
 f - 2 boomerangs (quivered)
 u - a throwing net {!f}
 A - 8 poisoned darts
Armour
 h - a +1 pair of boots (worn)
 j - a +0 ring mail
 m - a +0 scale mail
 n - a +0 chain mail (worn)
 t - a +0 hat (worn)
 B - a +0 cloak
 H - a scarf of invisibility (worn)
Jewellery
 r - a ring of protection from fire (right claw)
 w - a +4 ring of protection (left claw)
Wands
 e - a wand of paralysis (7)
 D - a wand of roots (5)
Scrolls
 g - a scroll of fear {unknown}
 k - a scroll of silence {!r}
 l - 2 scrolls of vulnerability {unknown}
 p - 3 scrolls of amnesia
 s - a scroll of immolation
 v - a scroll of poison {unknown}
 x - a scroll of torment {unknown}
 y - a scroll of fog {unknown}
Potions
 i - a potion of magic
 q - a potion of invisibility {unknown}
 z - a potion of lignification {unknown}
 C - a potion of resistance {unknown}
 F - 2 potions of curing {unknown}
 G - a potion of brilliance


   Skills:
 + Level 9.0 Fighting
 - Level 3.0 Maces & Flails
 - Level 2.0 Throwing
 + Level 6.1 Armour
 - Level 1.7 Dodging
 - Level 2.0 Stealth
 - Level 4.1 Unarmed Combat
 - Level 1.7 Spellcasting
 - Level 2.6 Translocations
 + Level 1.5 Invocations
 + Level 3.8 Evocations


You had 7 spell levels left.
You knew the following spells:

 Your Spells              Type           Power      Damage    Failure   Level
a - Lesser Beckoning      Tloc           10%        N/A       80%         2
B - Blink                 Tloc           10%        N/A       80%         2

Your spell library contained the following spells:

 Spells                   Type           Power      Damage    Failure   Level
 Sandblast                Erth           0%         2d4       95%         1
 Teleport Other           Tloc           5%         N/A       95%         3
 Passwall                 Tmut/Erth      0%         N/A       99%         2
 Vhi's Electric Charge    Tloc/Air       4%         N/A       99%         3
 Stone Arrow              Conj/Erth      0%         3d7       100%        3
 Manifold Assault         Tloc           5%         N/A       100%        4


Dungeon Overview and Level Annotations

Branches:
Dungeon (8/15) Zot: 26808  Temple (0/1) D:7
   Lair: D:8-11

Altars:
Dithmenos
Makhleb
Trog

Annotations:
D:3 1 runed translucent door, Crazy Yiuf
D:7 exclusion: downstairs, Grum


Innate Abilities, Weirdness & Mutations

You are immune to poison.
You have sharp fingernails.
Your flesh is cold resistant. (rC+)
You are immune to negative energy. (rN+++)
You do not regenerate when monsters are visible.
You are immune to unholy pain and torment.
You thrive by killing the living.


Message History

You barely miss the wolf. The wolf bites you!
* * * LOW HITPOINT WARNING * * *
Grum hits you with a -2 spear!
* * * LOW HITPOINT WARNING * * *
The wolf closely misses you.
Your +0 whip of electrocution stops crackling.
b - a +0 battleaxe (weapon)
The wolf bites you but does no damage. Grum barely misses you.
You closely miss the wolf. You hit Grum. The wolf barely misses you.
The wolf bites you but does no damage. Grum closely misses you.
The wolf bites you.
* * * LOW HITPOINT WARNING * * *
Okay, then.
Okay, then.
You feel much better. The wolf barely misses you. Grum barely misses you.
You slash Grum!
Grum is moderately wounded.
You closely miss the wolf. The wolf bites you!
* * * LOW HITPOINT WARNING * * *
The wolf closely misses you. Grum hits you but does no damage.
The wolf bites you.
* * * LOW HITPOINT WARNING * * *
Grum barely misses you.
You barely miss Grum.
Grum is moderately wounded.
You hit the wolf.
The wolf bites you but does no damage. x2
Grum closely misses you. The wolf bites you but does no damage.
You slash Grum!
Grum is heavily wounded.
You barely miss the wolf. The wolf bites you but does no damage.
Grum hits you but does no damage. The wolf bites you but does no damage.
Grum hits you with a -2 spear!
* * * LOW HITPOINT WARNING * * *
The wolf bites you but does no damage.
You closely miss the wolf.
The wolf is moderately wounded.
You closely miss Grum. The wolf barely misses you.
Grum hits you but does no damage. The wolf bites you but does no damage.
Grum hits you with a -2 spear!
You die...

###..#####.##..#
........##.###.#
#######..#.###.#
##....##.#
###..##.##
#......# #.####.#
#.####g##
#.....h@#
##################
#.........#
#.........#
#.........#
#.........#
#.........#
####'###.## ####.#
#.#


You could see Grum and a wolf.

Vanquished Creatures
  A wyvern (D:7)
  An orc warrior (D:5)
  A sky beast (D:7)
  2 ice beasts
  A wolf (D:8)
  5 ogres
  A centaur (D:5)
  A phantom (D:7)
  A kobold brigand (D:6)
  3 bullfrogs
  3 scorpions
  3 wights
  5 killer bees (D:7)
  An orc priest (D:7)
  3 hounds
  2 iguanas
  2 sleepcaps
  5 orc wizards
  Terence (D:3)
  7 gnolls
  11 adders
  A shadow imp (D:5)
  A white imp (D:6)
  An ufetubus (D:7)
  2 worms
  2 dart slugs
  16 orcs
  5 endoplasms
  5 giant cockroaches
  6 goblins
  2 hobgoblins
  6 jackals
  12 kobolds
  3 quokkas
  4 ball pythons
  5 bats
  4 frilled lizards
  6 rats
141 creatures vanquished.

Notes
Turn   | Place    | Note
-------+----------+-------------------------------------------
     0 | D:1      | Dhd the Ghoul Warper began the quest for the Orb.
     0 | D:1      | Reached XP level 1. HP: 17/17 MP: 2/2
   111 | D:1      | Reached skill level 1 in Stealth
   111 | D:1      | Reached XP level 2. HP: 25/25 MP: 3/3
   331 | D:1      | Learned a level 2 spell: Blink
   334 | D:1      | Learned a level 2 spell: Lesser Beckoning
   555 | D:1      | Found a faded altar of an unknown god.
   585 | D:1      | Reached XP level 3. HP: 30/30 MP: 4/4
  1071 | D:2      | Reached skill level 3 in Fighting
  1452 | D:2      | Reached XP level 4. HP: 31/38 MP: 5/5
  2449 | D:2      | Reached XP level 5. HP: 43/46 MP: 6/6
  2803 | D:3      | Identified the +2 short sword of Edikhlec {elec, Int+6
                  | Dex+3}
  2862 | D:3      | Reached skill level 4 in Fighting
  3031 | D:3      | Reached skill level 1 in Armour
  3347 | D:3      | Noticed Terence
  3354 | D:3      | Killed Terence
  3427 | D:3      | Found a runed translucent door.
  3428 | D:3      | Noticed Crazy Yiuf
  3550 | D:4      | Reached XP level 6. HP: 51/53 MP: 7/7
  3720 | D:4      | Reached skill level 5 in Fighting
  4258 | D:5      | Entered Level 5 of the Dungeon
  4419 | D:4      | Reached XP level 7. HP: 52/61 MP: 8/8
  4535 | D:5      | Reached skill level 6 in Fighting
  4708 | D:5      | Found a bloodstained altar of Trog.
  5046 | D:5      | Found a shadowy altar of Dithmenos.
  5368 | D:5      | Reached skill level 7 in Fighting
  5368 | D:5      | Reached XP level 8. HP: 29/73 MP: 9/9
  5523 | D:6      | Reached skill level 5 in Armour
  5863 | D:6      | Reached skill level 1 in Evocations
  6105 | D:6      | Reached skill level 1 in Maces & Flails
  6105 | D:6      | Reached skill level 1 in Throwing
  6480 | D:7      | Reached skill level 8 in Fighting
  6503 | D:7      | Reached XP level 9. HP: 64/81 MP: 10/10
  6951 | D:7      | Found a staircase to the Ecumenical Temple.
  7401 | D:7      | Found a burning altar of Makhleb.
  7411 | D:7      | Became a worshipper of Makhleb the Destroyer
  7546 | D:7      | Reached skill level 1 in Invocations
  7608 | D:8      | Noticed a two-headed ogre
  7704 | D:8      | Reached skill level 9 in Fighting
  7740 | D:8      | Noticed Grum
  7760 | D:7      | Slain by Grum

Illustrated notes

Levels and vault maps discovered:
D:1:      dpeg_arrival_signposts, layout_rooms,
          dreamdust_ecumenical_altar_statues
D:2:      layout_basic, minmay_surrounded
D:3:      layout_rooms, uniq_terence, uniq_crazy_yiuf_cottage
D:4:      layout_basic, minmay_misc_feat_nine_boxes
D:5:      layout_rooms, lightli_temple_of_fire,
          grunt_dithmenos_smoke_and_mirrors
D:6:      layout_rooms, mainiacjoe_overflow_cross_hatched
D:7:      layout_basic, lemuel_crystal_altar, minmay_temple_entry_from_below_a,
          minmay_fountain_box, grunt_ogre_cave, st_stairs_4
D:8:      layout_rooms, mainiacjoe_overflow_alcove_2,
          lemuel_coloured_pillars_altar, zin_statuary, chequers_hall_statues_y,
          minmay_quadrilaterals, uniq_psyche, uniq_joseph, uniq_grum

Skill      XL: |  1  2  3  4  5  6  7  8  9 |
---------------+----------------------------+-----
Stealth        | 1 2 |  2.0
Fighting       | 3 4 5 7 8 9 |  9.0
Unarmed Combat | 3 4 |  4.1
Armour         | 1 3 4 5 6 |  6.1
Evocations     | 2 3 |  3.8
Maces & Flails | 1 3 |  3.0
Throwing       | 1 2 |  2.0
Invocations    | 1 |  1.5
Dodging        | |  1.7
Spellcasting   | |  1.7
Translocations | |  2.6

Action                     |  1- 3 |  4- 6 |  7- 9 || total
---------------------------+-------+-------+-------++-------
  Melee: Unarmed           |   108 |    66 |       ||   174
         Punch             |       |     4 |     6 ||    10
         Short sword       |       |    99 |   179 ||   278
         Battleaxe         |       |       |    25 ||    25
         Whip              |       |       |    92 ||    92
         Halberd           |       |       |    70 ||    70
  Throw: Stone             |     8 |     6 |       ||    14
         Boomerang         |     3 |     4 |    11 ||    18
         Dart              |       |       |     8 ||     8
  Evoke: Wand              |       |       |     2 ||     2
    Use: Scroll            |       |     3 |     5 ||     8
         Potion            |       |       |     2 ||     2
   Stab: Paralysed         |       |       |     3 ||     3
 Armour: Leather armour    |    27 |       |       ||    27
         Ring mail         |    21 |    12 |       ||    33
         Scale mail        |       |    14 |       ||    14
         Chain mail        |       |    46 |   293 ||   339
  Dodge: Dodged            |    57 |    62 |   177 ||   296

Table legend: (Time is in decaauts)
 A = Elapsed time spent in this place.
 B = Non-inter-level travel time spent in this place.
 C = Inter-level travel time spent in this place.
 D = Time resting spent in this place.
 E = Time spent auto-exploring this place.
 F = Levels seen in this place.
 G = Mean time per level.
                   A        B        C        D        E       F      G
               +--------+--------+--------+--------+--------+-----+--------+
         Total |   7807 |   7374 |    433 |   1243 |   3314 |   8 |  975.9 |
       Dungeon |   7807 |   7374 |    433 |   1243 |   3314 |   8 |  975.9 |
               +--------+--------+--------+--------+--------+-----+--------+

Top non-repeatable levels by time:
     D:2: 1953 daAuts
     D:7: 1264 daAuts
     D:6: 1057 daAuts
     D:4: 1011 daAuts
     D:5: 923 daAuts
     D:1: 836 daAuts
     D:3: 650 daAuts
     D:8: 109 daAuts
